 Dungeon Crawl Stone Soup version 0.28.0 (webtiles) character file.

Game seed: 4398142853191463834

552 AmazingTV the Chopper (level 7, 0/90 HPs)
             Began as a Minotaur Fighter on June 20, 2022.
             Succumbed to a killer bee's poison
             ... on level 4 of the Dungeon.
             The game lasted 00:08:58 (2755 turns).

AmazingTV the Chopper (Minotaur Fighter)            Turns: 2755, Time: 00:08:58

Health: 0/90       AC: 23    Str: 21    XL:     7   Next: 8%
Magic:  7/7        EV:  2    Int:  5    God:
Gold:   67         SH:  4    Dex: 11    Spells: 6/6 levels left

rFire   . . .      SeeInvis .   a - +0 war axe
rCold   . . .      Faith    .   c - +0 buckler
rNeg    . . .      Spirit   .   (armour currently unavailable)
rPois   +          Reflect  .   (helmet currently unavailable)
rElec   .          Harm     .   (cloak currently unavailable)
rCorr   .          Rampage  .   (gloves currently unavailable)
Will    .....      NoTele   +   (boots currently unavailable)
Stlth   +.........              (no amulet)
HPRegen 0.25/turn               (no ring)
MPRegen 0.10/turn               (no ring)

@: lethally poisoned (0 -> -15), tree-form
A: stationary, stasis, torment immunity, boosted hp, (horns 2), (retaliatory
headbutt)
a: no special abilities


You were on level 4 of the Dungeon.
You were a tree.
You visited 1 branch of the dungeon, and saw 4 of its levels.

You collected 67 gold pieces.

Inventory:

Hand Weapons
 a - a +0 war axe (weapon)
 o - a +0 flail
 r - a +0 halberd
Missiles
 h - 2 javelins (quivered)
 l - 29 bolts
Armour
 b - a +0 scale mail (melded)
 c - a +0 buckler (worn)
Jewellery
 t - an amulet of the acrobat
Wands
 d - a wand of flame (13)
Scrolls
 e - 4 scrolls of identify {unknown}
 f - 2 scrolls of fear {unknown}
 g - 2 scrolls of blinking {unknown}
 i - a scroll of silence {unknown}
 q - a scroll of acquirement {unknown}
 s - a scroll of amnesia {unknown}
 v - a scroll of teleportation {unknown}
Potions
 j - a potion of lignification
 k - a potion of haste {unknown}
 m - 4 potions of brilliance {unknown}
 n - 2 potions of curing {unknown}
 p - a potion of ambrosia {unknown}
 u - 2 potions of flight {unknown}


   Skills:
 + Level 4.4 Fighting
 * Level 6.6 Axes
 + Level 4.8 Armour
 * Level 2.9 Dodging
 + Level 0.1 Stealth
 - Level 3.6 Shields
 * Level 2.6 Invocations


You had 6 spell levels left.
You didn't know any spells.
Your spell library contained the following spells:

 Spells                   Type           Power      Damage    Failure   Level
 Summon Small Mammal      Summ           0%         N/A       56%         1
 Blink                    Tloc           0%         N/A       71%         2
 Call Canine Familiar     Summ           0%         N/A       91%         3
 Gell's Gravitas          Tloc           0%         N/A       91%         3
 Portal Projectile        Hex/Tloc       0%         N/A       91%         3
 Summon Guardian Golem    Hex/Summ       0%         N/A       91%         3
 Alistair's Intoxication  Tmut/Pois      0%         N/A       100%        5


Dungeon Overview and Level Annotations

Branches:
Dungeon (4/15)
 Temple: D:4-7

Altars:
Dithmenos
Sif Muna
Trog
Xom


Innate Abilities, Weirdness & Mutations

You are a tree.
Your roots penetrate the ground, keeping you stationary.
You cannot be teleported.
You are immune to unholy pain and torment.
Your maximum health is greatly increased.
Your equipment is partially melded.
((You have a pair of horns on your head.))
((You reflexively headbutt those who attack you in melee.))


Message History

The killer bee stings you but does no damage. x2
You barely miss the killer bee.
The killer bee is almost dead.
The killer bee stings you. The killer bee closely misses you.
You furiously retaliate!
You headbutt the killer bee.
You kill the killer bee!
The killer bee completely misses you.
You barely miss the killer bee. Your headbutt misses the killer bee.
You block the killer bee's attack. x2
You miss the killer bee. The killer bee misses you.
You block the killer bee's attack.
You hit the killer bee but do no damage.
You headbutt the killer bee.
The killer bee is moderately wounded.
The killer bee misses you. The killer bee stings you!
You are poisoned.
The killer bee poisons you!
You are too injured to fight recklessly!
You are too injured to fight recklessly!
You miss the killer bee.
The killer bee is moderately wounded.
You feel very sick. The killer bee stings you. The killer bee stings you!
* * * LOW HITPOINT WARNING * * *
You are more poisoned.
The killer bee poisons you! The killer bee stings you.
* * * LOW HITPOINT WARNING * * *
You are more poisoned.
The killer bee poisons you!
You slash the killer bee!
You kill the killer bee!
* * * LOW HITPOINT WARNING * * *
You feel very sick. The killer bee closely misses you.
The killer bee stings you.
* * * LOW HITPOINT WARNING * * *
You have reached level 7!
It was a potion of lignification.
You turn into a tree.
Your +0 scale mail melds into your body.
Your roots penetrate the ground.
You die...

####### ##########
#...... #...)....#
#...... #.######.#
#...... #.# ##.###......
#♣# ##...##...... #y#
##.....#...... #.#
#.............
............#...........
####.###).....)......[.>
# #.###.....#...... #.#
#....####.... .# #.#.##
#.... .# #.## #.#.#


You could see a killer bee.

Vanquished Creatures
  Grinder (D:3)
  A phantom (D:4)
  2 killer bees (D:4)
  A hound (D:4)
  An orc priest (D:3)
  3 gnolls (D:3)
  2 adders
  2 adder skeletons
  2 dart slugs
  9 orcs
  7 bats
  5 endoplasms
  3 giant cockroaches
  2 goblins (D:1)
  9 hobgoblins
  3 jackals (D:4)
  2 quokkas
  7 ball pythons
  3 frilled lizards
  6 kobolds
  5 rats
76 creatures vanquished.

Notes
Turn   | Place    | Note
-------+----------+-------------------------------------------
     0 | D:1      | AmazingTV the Minotaur Fighter began the quest for the Orb.
     0 | D:1      | Reached XP level 1. HP: 19/19 MP: 0/0
   152 | D:1      | Reached XP level 2. HP: 27/27 MP: 1/1
   230 | D:1      | Found a faded altar of an unknown god.
   503 | D:1      | Reached skill level 1 in Dodging
   602 | D:1      | Reached skill level 3 in Axes
   785 | D:1      | Reached XP level 3. HP: 33/33 MP: 2/2
   793 | D:1      | Reached skill level 1 in Invocations
   933 | D:2      | Got the Disquisition on Poison and Translocation
  1376 | D:3      | Reached skill level 4 in Axes
  1376 | D:3      | Reached XP level 4. HP: 25/40 MP: 3/3
  1499 | D:3      | Noticed Grinder
  1529 | D:3      | Paralysed by Grinder for 5 turns
  1554 | D:3      | Paralysed by Grinder for 2 turns
  1561 | D:3      | Killed Grinder
  1562 | D:3      | Reached skill level 5 in Axes
  1562 | D:3      | Reached XP level 5. HP: 12/47 MP: 3/5
  1562 | D:3      | Reached XP level 6. HP: 14/53 MP: 3/6
  2181 | D:4      | Found a shadowy altar of Dithmenos.
  2199 | D:4      | Reached skill level 6 in Axes
  2337 | D:4      | Found a bloodstained altar of Trog.
  2573 | D:4      | Found a shimmering altar of Xom.
  2576 | D:4      | Found a shimmering blue altar of Sif Muna.
  2754 | D:4      | HP: 1/53 [killer bee (4)]
  2755 | D:4      | Reached XP level 7. HP: 2/60 MP: 7/7
  2755 | D:4      | Succumbed to a killer bee's poison

Illustrated notes

Levels and vault maps discovered:
D:1:      dpeg_arrival_round_c, layout_loops_ring,
          hellmonk_ecumenical_altar_lost_god
D:2:      layout_basic
D:3:      layout_rooms, uniq_grinder
D:4:      layout_loops_ring, grunt_dithmenos_smoke,
          nicolae_overflow_hidden_temple, lemuel_round_altar,
          minmay_pentomino_pile

Skill      XL: |  1  2  3  4  5  6 |
---------------+-------------------+-----
Dodging        | 1 2 |  2.9
Axes           | 3 4 5 6 |  6.6
Invocations    | 1 2 |  2.6
Armour         | 4 |  4.8
Fighting       | 4 |  4.4
Stealth        | |  0.1
Shields        | |  3.6

Action                   |  1- 3 |  4- 6 |  7- 9 || total
-------------------------+-------+-------+-------++-------
Melee: War axe           |    78 |    88 |       ||   166
       Headbutt          |    16 |    14 |       ||    30
Throw: Javelin           |       |     1 |       ||     1
  Use: Potion            |       |     1 |     1 ||     2
Armor: Scale mail        |    37 |    34 |       ||    71
Dodge: Dodged            |    42 |    41 |       ||    83
Block: Buckler           |    22 |    24 |       ||    46
